 Dungeon Crawl Stone Soup version 0.22-a0-571-g4a923d4 (webtiles) character file.

321 Hebeh the Shield-Bearer (level 6, 0/55 HPs)
             Began as a Minotaur Fighter on July 1, 2018.
             Succumbed to a scorpion's poison
             ... on level 4 of the Dungeon.
             The game lasted 00:08:10 (2465 turns).

Hebeh the Shield-Bearer (Minotaur Fighter)          Turns: 2465, Time: 00:08:11

Health: 0/55       AC:  9    Str: 22    XL:     6   Next: 22%
Magic:  5/5        EV:  8    Int:  5    God:
Gold:   204        SH: 10    Dex: 10    Spells: 5/5 levels left

rFire    . . .     SeeInvis .   b - +3 mace
rCold    . . .     Gourm    .   c - +0 shield
rNeg     . . .     Faith    .   g - +0 scale mail
rPois    .         Spirit   .   x - +0 hat
rElec    .         Reflect  .   (no cloak)
rCorr    .         Harm     .   l - +1 pair of gloves
MR       .....                  (no boots)
Stlth    ..........             (no amulet)
HPRegen  0.18/turn              (no ring)
MPRegen  0.09/turn              (no ring)

@: lethally poisoned (0 -> -7), about to teleport
A: retaliatory headbutt, horns 2
a: no special abilities


You were on level 4 of the Dungeon.
You were not hungry.

You visited 1 branch of the dungeon, and saw 4 of its levels.

You collected 204 gold pieces.

Inventory:

Hand Weapons
 a - a +0 war axe
 b - a +3 mace (weapon)
Missiles
 k - 13 tomahawks (quivered)
Armour
 c - a +0 shield (worn)
 g - a +0 scale mail (worn)
 l - a +1 pair of gloves (worn)
 x - a +0 hat (worn)
Scrolls
 e - a scroll of remove curse {unknown}
 h - 3 scrolls of identify {unknown}
 i - a scroll of magic mapping {unknown}
 j - 2 scrolls of teleportation
 p - a scroll of random uselessness {unknown}
 r - a scroll of enchant armour {unknown}
 t - 2 scrolls of fog {unknown}
 u - 2 scrolls of immolation {unknown}
 w - a scroll of fear {unknown}
Potions
 d - 2 potions of might
 m - a potion of curing {unknown}
 n - a potion of heal wounds {unknown}
 o - a potion of cancellation {unknown}
 q - 3 potions of brilliance {unknown}
 s - a potion of flight {unknown}
 v - a potion of mutation {unknown}
Comestibles
 f - 9 rations


   Skills:
 + Level 4.8 Fighting
 + Level 4.7(4.8) Axes
 + Level 1.2(3.2) Maces & Flails
 + Level 4.7 Armour
 - Level 2.0 Dodging
 - Level 0.3 Stealth
 + Level 4.9 Shields


You had 5 spell levels left.
You didn't know any spells.
Your spell library was empty.

Dungeon Overview and Level Annotations

Branches:
Dungeon (4/15)
 Temple: D:4-7

Altars:
Gozag
Sif Muna
Uskayaw

Shops:
D:4 }


Innate Abilities, Weirdness & Mutations

You reflexively headbutt those who attack you in melee.
You have a pair of horns on your head.


Message History

* * * LOW HITPOINT WARNING * * *
You feel sick.
You sock the scorpion!
The scorpion is heavily wounded.
* * * LOW HITPOINT WARNING * * *
You feel sick. You block the scorpion's attack.
You hit the scorpion.
The scorpion is severely wounded.
* * * LOW HITPOINT WARNING * * *
You feel sick. You block the scorpion's attack.
As you read the scroll labeled VAEX OGEUWKOFU, it crumbles to dust.
You feel strangely unstable.
It was a scroll of teleportation.
* * * LOW HITPOINT WARNING * * *
You feel sick. The gnoll completely misses you.
You block the scorpion's attack.
* * * LOW HITPOINT WARNING * * *
You feel sick.
* * * LOW HITPOINT WARNING * * *
You feel sick.
You die...

.. ### .#
....######### .
#.....)†g.## #
#..og)g)g.# #
####.#######s#
#####
##(...#.#.#.#g#
.....
.....#^#^#^#.#
####
#.#########s# #
#.#.'.@.so'g#
#.#########.# #
#...#^#^#^#.# #
#[#.#.#.#.#.# #
#.#.#######.# #
##.#.........#
########
#..###########
.......# #.##
.......# #.#


You could see 2 scorpions, an orc priest and a gnoll.

Vanquished Creatures
  Blork the orc (D:4)
  2 orc priests (D:3)
  An orc wizard (D:3)
  A worker ant (D:4)
  A hound skeleton (D:4)
  4 oozes
  An adder skeleton (D:4)
  3 dart slugs (D:1)
  A leopard gecko (D:1)
  18 orcs
  3 ball pythons
  5 giant cockroaches
  8 hobgoblins
  3 jackals (D:3)
  A quokka (D:2)
  8 bats
  A frilled lizard (D:4)
  6 goblins
  5 kobolds
  15 rats
88 creatures vanquished.

Notes
Turn   | Place    | Note
-------+----------+-------------------------------------------
     0 | D:1      | Hebeh the Minotaur Fighter began the quest for the Orb.
     0 | D:1      | Reached XP level 1. HP: 19/19 MP: 0/0
   226 | D:1      | Reached XP level 2. HP: 27/27 MP: 1/1
   754 | D:1      | Reached XP level 3. HP: 33/33 MP: 2/2
   913 | D:2      | Found an opulent altar of Gozag.
   960 | D:2      | Found a hide-covered altar of Uskayaw.
  1680 | D:3      | Reached XP level 4. HP: 41/41 MP: 3/3
  1777 | D:3      | Reached skill level 1 in Dodging
  1781 | D:3      | Reached XP level 5. HP: 46/47 MP: 4/4
  1820 | D:3      | Found a deep blue altar of Sif Muna.
  2324 | D:4      | Found Zuqoal's Gadget Emporium.
  2438 | D:4      | Noticed Blork the orc
  2444 | D:4      | Killed Blork the orc
  2444 | D:4      | Reached skill level 1 in Maces & Flails
  2444 | D:4      | Reached XP level 6. HP: 51/53 MP: 5/5
  2463 | D:4      | HP: 2/55 [poisoned by a scorpion]
  2465 | D:4      | Succumbed to a scorpion's poison

Vault maps used:
D:1:      lightli_arrival_lavapool
D:2:      grunt_gozag_breadcrumbs, eat_drink_and_be_merry_uskayaw
D:3:      marbit_many_paths, first_ration, glass_columns_b
D:4:      minmay_temple_entry_butterflies, serial_shops, shop, grunt_tough_drop,
          uniq_blork_the_orc

Skill      XL: |  1  2  3  4  5 |
---------------+----------------+-----
Fighting       | 4 |  4.8
Shields        | 4 |  4.9
Armour         | 4 |  4.7
Axes           | 3 4 |  4.7
Dodging        | 1 2 |  2.0
Maces & Flails | 1 |  1.2
Stealth        | |  0.3

Action                   |  1- 3 |  4- 6 || total
-------------------------+-------+-------++-------
Melee: War axe           |    94 |    50 ||   144
       Headbutt          |    15 |    12 ||    27
       Mace              |       |    26 ||    26
Throw: Tomahawk          |       |     2 ||     2
  Use: Scroll            |       |     1 ||     1
  Eat: Chunk             |     2 |     2 ||     4
       Ration            |       |     1 ||     1
Armor: Scale mail        |    52 |    37 ||    89
Dodge: Dodged            |    26 |    18 ||    44
Block: Shield            |    46 |    41 ||    87

Table legend:
 A = Spawn XP
 B = Non-spawn XP
 C = Spawn XP percentage of total XP
 D = Spawn monster count
 E = Non-spawn monster count
 F = Spawn count percentage of total count
 G = Total turns spent on level
                    A         B        C        D         E        F      G
               +---------+---------+-------+---------+---------+-------+---------
         Total |       0 |     459 |   0.0 |       0 |      88 |   0.0 |  2465
               +---------+---------+-------+---------+---------+-------+---------
           D:1 |       0 |      41 |   0.0 |       0 |      20 |   0.0 |   846
           D:2 |       0 |      24 |   0.0 |       0 |      16 |   0.0 |   677
           D:3 |       0 |     222 |   0.0 |       0 |      42 |   0.0 |   801
           D:4 |       0 |     172 |   0.0 |       0 |      10 |   0.0 |   141
               +---------+---------+-------+---------+---------+-------+---------
